 Dungeon Crawl Stone Soup version 0.27-a0-1119-gbf574a6 (webtiles) character file.

Game seed: 16225197062518092964

163 Nithhogg the Chopper (level 5, -2/45 HPs)
             Began as a Hill Orc Fighter on May 1, 2021.
             Slain by a gnoll
             ... wielding a +0 spear
              (3 damage)
             ... on level 3 of the Dungeon on May 2, 2021.
             The game lasted 00:04:08 (2030 turns).

Nithhogg the Chopper (Hill Orc Fighter)             Turns: 2030, Time: 00:04:09

Health: -2/45      AC:  6    Str: 20    XL:     5   Next: 44%
Magic:  5/5        EV:  7    Int:  8    God:
Gold:   76         SH:  9    Dex: 10    Spells: 4/4 levels left

rFire    . . .     SeeInvis .   a - +0 war axe
rCold    . . .     Faith    .   c - +0 kite shield
rNeg     . . .     Spirit   .   b - +0 scale mail
rPois    .         Reflect  .   (no helmet)
rElec    .         Harm     .   (no cloak)
rCorr    .         Rampage  .   (no gloves)
Will     .....                  (no boots)
Stlth    ..........             (no amulet)
HPRegen  0.15/turn              (no ring)
MPRegen  0.09/turn              (no ring)

@: no status effects
A: no striking features
a: no special abilities


You were on level 3 of the Dungeon.
You visited 1 branch of the dungeon, and saw 3 of its levels.

You collected 76 gold pieces.

Inventory:

Hand Weapons
 a - a +0 war axe (weapon)
Armour
 b - a +0 scale mail (worn)
 c - a +0 kite shield (worn)
Jewellery
 k - a ring of positive energy
Scrolls
 e - a scroll of identify
 f - a scroll of immolation
 j - a scroll of enchant weapon
 l - a scroll of blinking {unknown}
Potions
 g - a potion of attraction {unknown}
 h - a potion of degeneration {unknown}
 i - a potion of curing {unknown}


   Skills:
 - Level 3.6 Fighting
 + Level 7.3 Axes
 - Level 3.2 Armour
 - Level 3.2 Shields


You had 4 spell levels left.
You didn't know any spells.
Your spell library contained the following spells:

 Spells                   Type           Power      Damage    Failure   Level
 Animate Skeleton         Necr           0%         N/A       99%         1
 Apportation              Tloc           0%         N/A       99%         1
 Corona                   Hex            0%         N/A       99%         1
 Summon Small Mammal      Summ           0%         N/A       99%         1
 Ensorcelled Hibernation  Hex/Ice        0%         N/A       100%        2
 Confusing Touch          Hex            0%         N/A       100%        3
 Dazzling Flash           Conj/Hex       0%         N/A       100%        3
 Tukima's Dance           Hex            0%         N/A       100%        3


Dungeon Overview and Level Annotations

Branches:
Dungeon (3/15)

Altars:
Trog
Uskayaw


Message History

Found 26 arrows.
You slash the gnoll!
You kill the gnoll!
You block the gnoll's attack.
Your Axes skill increases to level 7!
The gnoll completely misses you. The gnoll closely misses you.
Things that are here:
a +4 flail; a gnoll corpse The gnoll hits you from afar with a +0 spear.
You feel very mighty all of a sudden.
The gnoll hits you from afar with a +0 spear.
You block the gnoll's attack. You block the rat's attack.
The gnoll hits you from afar with a +0 spear.
You slash the rat!
You kill the rat!
The gnoll hits you from afar with a +0 halberd.
You block the gnoll's attack. x2
You are too injured to fight recklessly!
You slice the gnoll!!
You kill the gnoll!
The gnoll hits you from afar with a +0 halberd.
The gnoll barely misses you.
The gnoll hits you from afar with a +0 halberd!
* * * LOW HITPOINT WARNING * * *
You block the gnoll's attack.
You see here a +0 whip.
You closely miss the gnoll. You block the gnoll's attack.
The gnoll hits you with a +0 halberd.
* * * LOW HITPOINT WARNING * * *
You slash the gnoll!
You kill the gnoll!
The gnoll hits you from afar with a +0 spear.
* * * LOW HITPOINT WARNING * * *
You feel a little less mighty now. You block the gnoll's attack.
You block the gnoll's attack.
You barely miss the gnoll. The gnoll hits you with a +0 spear.
* * * LOW HITPOINT WARNING * * *
The gnoll hits you from afar with a +0 spear.
You die...

...(.........)
####(#.#..###
..# #.#.###.
#.# #.#.# #.
#.# #.#.# ##
#####.# #.#.#
#...#.# #.#.#
#.#.#.###.#.#.#
#@#.).....#.#.#
#...#.#####.#.#
###g#.# #.#.#
#...#.# #.#.#
#g###.#(###.#.#
#.# #.#.......#
#.# #.#####.###
#.# #.......#..
#.###########.#


You could see a gnoll.

Vanquished Creatures
  A water moccasin skeleton (D:2)
  Crazy Yiuf (D:2)
  3 gnolls (D:3)
  An adder (D:3)
  A worm (D:3)
  An orc (D:3)
  4 ball pythons
  2 endoplasms (D:1)
  A giant cockroach (D:2)
  9 goblins
  4 hobgoblins
  3 jackals (D:3)
  A quokka (D:1)
  5 bats (D:1)
  A frilled lizard (D:1)
  5 rats
43 creatures vanquished.

Notes
Turn   | Place    | Note
-------+----------+-------------------------------------------
     0 | D:1      | Nithhogg the Hill Orc Fighter began the quest for the Orb.
     0 | D:1      | Reached XP level 1. HP: 19/19 MP: 1/1
    37 | D:1      | Reached skill level 3 in Axes
    71 | D:1      | Found a faded altar of an unknown god.
   179 | D:1      | Reached XP level 2. HP: 26/26 MP: 2/2
   501 | D:1      | Reached skill level 4 in Axes
   791 | D:1      | Reached XP level 3. HP: 31/31 MP: 3/3
  1135 | D:2      | Reached skill level 5 in Axes
  1135 | D:2      | Reached XP level 4. HP: 25/39 MP: 4/4
  1311 | D:2      | Reached skill level 6 in Axes
  1394 | D:2      | Found a hide-covered altar of Uskayaw.
  1395 | D:2      | Upgraded the game from 0.27-a0-1116-g91b3acb to
                  | 0.27-a0-1119-gbf574a6
  1551 | D:2      | Found a runed translucent door.
  1552 | D:2      | Noticed Crazy Yiuf
  1664 | D:2      | Killed Crazy Yiuf
  1759 | D:3      | Reached XP level 5. HP: 45/45 MP: 5/5
  1878 | D:3      | Found a bloodstained altar of Trog.
  1979 | D:3      | Reached skill level 7 in Axes
  2006 | D:3      | HP: 2/45 [gnoll/+0 spear (4)]
  2029 | D:3      | HP: 1/45 [gnoll/+0 spear (4)]
  2030 | D:3      | Slain by a gnoll

Illustrated notes

Levels and vault maps discovered:
D:1:      dpeg_arrival_subterranean_lakeside_camping, layout_rooms,
          hellmonk_ecumenical_altar_blasted, nrook_mini_backslash,
          nrook_campfire, minmay_fountain_box
D:2:      layout_loops_ring, basic_altar, fountainhead, hangedman_decor_growths,
          uniq_crazy_yiuf_cottage
D:3:      layout_basic, lemuel_doored_altar

Skill      XL: |  1  2  3  4  5 |
---------------+----------------+-----
Axes           | 3 4 5 6 7 |  7.3
Fighting       | |  3.6
Armour         | |  3.2
Shields        | |  3.2

Action                   |  1- 3 |  4- 6 || total
-------------------------+-------+-------++-------
Melee: War axe           |    60 |    41 ||   101
  Use: Scroll            |       |     1 ||     1
       Potion            |       |     1 ||     1
Armor: Scale mail        |    36 |    14 ||    50
Dodge: Dodged            |    11 |    12 ||    23
Block: Kite shield       |    33 |    19 ||    52

Table legend: (Time is in decaauts)
 A = Elapsed time spent in this place.
 B = Non-inter-level travel time spent in this place.
 C = Inter-level travel time spent in this place.
 D = Time resting spent in this place.
 E = Time spent auto-exploring this place.
 F = Levels seen in this place.
 G = Mean time per level.
                   A        B        C        D        E       F      G
               +--------+--------+--------+--------+--------+-----+--------+
         Total |   2084 |   1935 |    149 |      0 |   1619 |   3 |  694.7 |
       Dungeon |   2084 |   1935 |    149 |      0 |   1619 |   3 |  694.7 |
               +--------+--------+--------+--------+--------+-----+--------+

Top non-repeatable levels by time:
     D:1: 915 daAuts
     D:2: 868 daAuts
     D:3: 300 daAuts
